[Event "*** SCC Grand Prix: Titled Tuesday Blitz"]
[Site "Chess.com"]
[Date "2020.06.09"]
[Round "9"]
[White "Vesper2018"]
[Black "SketchyMoves"]
[Result "0-1"]
[WhiteElo "2416"]
[BlackElo "2647"]
[TimeControl "180+1"]
[EndTime "10:46:29 PDT"]
[Termination "SketchyMoves won by resignation"]

1. e4 e6 2. d4 d5 3. e5 c5 4. c3 Nc6 5. Nf3 Qb6 6. Be2 cxd4 7.
cxd4 Nge7 8. b3 Nf5 9. Bb2 a5 10. O-O Bd7 11. a4 Be7 12. g4 Nh4 13. Nxh4 Bxh4 14. Na3 Be7 15. Nb5 O-O 16. Kg2 f5 17. exf6 Bxf6 18. f4 g6 19. Qd2 Rac8 20. Rac1 Nb4 21.
Bc3 Bxb5 22. Bxb5 Qd6 23. Rce1 Bg7 24. Rf3 Rf7 25. Ref1 Rcf8 26. h4 Bh6 27. g5 Bg7 28. Kg3 Rc8 29. h5 Rf5 30. Kg2 gxh5 31. Bxb4 axb4 32.
Bd3 Rf7 33. Rh1 Bxd4 34. Rxh5 Bc3 35. Qc2 Qc7 36. g6 hxg6 37. Bxg6 Rxf4 38. Bh7+ Kf8 39.
Qg6 Rxf3 40. Kxf3 Qf7+ 41. Qxf7+ Kxf7 42. Ke3 Rh8 43. Rh3 Kg7 44. Bf5 exf5 0-1

[Event "*** SCC Grand Prix: Titled Tuesday Blitz"]
[Site "Chess.com"]
[Date "2020.06.09"]
[Round "9"]
[White "ChronicUnhappiness"]
[Black "ehrenfeld"]
[Result "0-1"]
[WhiteElo "2319"]
[BlackElo "2487"]
[TimeControl "180+1"]
[EndTime "10:46:29 PDT"]
[Termination "ehrenfeld won on time"]

1. c4 e5 2. Nc3 Bb4 3. Nd5 a5 4.
g3 d6 5. Bg2 Bc5 6. d3 c6 7.
Nc3 Nf6 8. Nf3 O-O 9. O-O Bb6 10. Bg5 h6 11. Be3 Bxe3 12. fxe3 Nbd7 13. Qd2 Nc5 14. e4 Nh7 15. Nh4 Qg5 16. e3 g6 17. Rad1 Bg4 18. Bf3 Nf6 19. Bxg4 Nxg4 20. Rde1 h5 21. Rf3 Kg7 22.
Ref1 Rae8 23. Nd1 a4 24. Nf2 Nxf2 25. Qxf2 Qe7 26. Qe2 Ne6 27. h3 Ng5 28. Rf6 Nxh3+ 29. Kh2 Ng5 30. Qf2 Nh7 31. Rf3 a3 32. b3 Qg5 33. Nf5+ gxf5 34. Rxf5 Qg6 35. Qf3 f6 36. Rxh5 Ng5 37. Qg4 Rh8 38. Qd7+ Qf7 39. Qxf7+ Nxf7 40. Rxh8 Rxh8+ 41. Kg2 Ng5 42. Rb1 Ne6 43. b4 Ra8 44.
Rb3 Ra4 45. Kf3 c5 46. b5 Kg6 47. Kg4 Ng7 48. Kf3 Kg5 49. Rb1 Rb4 0-1

[Event "*** SCC Grand Prix: Titled Tuesday Blitz"]
[Site "Chess.com"]
[Date "2020.06.09"]
[Round "9"]
[White "Harry_Rakkel"]
[Black "ChelsieMonica"]
[Result "1-0"]
[WhiteElo "2512"]
[BlackElo "2376"]
[TimeControl "180+1"]
[EndTime "10:46:31 PDT"]
[Termination "Harry_Rakkel won by resignation"]

1. e4 e5 2. Nf3 Nc6 3. Bc4 Bc5 4. c3 Nf6 5. d3 O-O 6. b4 Be7 7. O-O d6 8. Nbd2 Be6 9. Re1 a5 10. b5 Nb8 11. Bxe6 fxe6 12. d4 exd4 13. cxd4 d5 14. Ng5 Qd7 15. exd5 exd5 16. Ndf3 Bb4 17.
Bd2 Bd6 18. Qc2 Qg4 19. h3 Qh5 20. Ne6 Rc8 21. b6 c6 22. Bf4 Bxf4 23. Nxf4 Qh6 24. Ne6 Nbd7 25. Ne5 Nxb6 26. Rab1 Ne4 27. Nxg7 Qxg7 28.
Rxb6 Rc7 29. f3 Ng5 30. Kh1 Ne6 31. Qd2 Re8 32. Ng4 Rce7 33. Rbb1 Kh8 34. Rbd1 h5 35. Ne5 Ng5 36. Qd3 Re6 37. f4 Ne4 38. Rxe4 dxe4 39.
Qxe4 Qf6 40. Rd3 R8e7 41. Rg3 Rg7 42. Qd3 Qxf4 43. Rxg7 Kxg7 44. Qc4 Qf1+ 45. Qxf1 Rf6 46. Qd1 1-0

[Event "*** SCC Grand Prix: Titled Tuesday Blitz"]
[Site "Chess.com"]
[Date "2020.06.09"]
[Round "9"]
[White "AnishGiri"]
[Black "Sam_ChessMood"]
[Result "1-0"]
[WhiteElo "2982"]
[BlackElo "2838"]
[TimeControl "180+1"]
[EndTime "10:46:33 PDT"]
[Termination "AnishGiri won by resignation"]

1. e4 c6 2. d4 d5 3. e5 Bf5 4. h4 h6 5. g4 Be4 6. f3 Bh7 7. e6 Qd6 8. exf7+ Kxf7 9. f4 Nf6 10. Nf3 Nxg4 11. Bh3 h5 12. Ne5+ Ke8 13. Bxg4 hxg4 14.
Qxg4 Nd7 15. Qh5+ g6 16. Qe2 c5 17. Be3 Nxe5 18. fxe5 Qb6 19. c3 c4 20. Na3 g5 21.
Bxg5 Bd3 22. Qf2 Qg6 23. O-O-O Kd7 24. Rhg1 Qe6 25. Nc2 a5 26. Ne3 b5 27. Rxd3 cxd3 28. Qf3 Kc6 29. Kd2 Bh6 30. Kxd3 Raf8 31. Qg2 Bxg5 32. hxg5 Rf4 33. g6 Rg8 34. g7 Rf7 35.
Qg6 Kd7 36. Qxe6+ Kxe6 37. Rg6+ Rf6 38. exf6 1-0

[Event "*** SCC Grand Prix: Titled Tuesday Blitz"]
[Site "Chess.com"]
[Date "2020.06.09"]
[Round "9"]
[White "pooh2012"]
[Black "RobertoJBM"]
[Result "0-1"]
[WhiteElo "2428"]
[BlackElo "2708"]
[TimeControl "180+1"]
[EndTime "10:46:33 PDT"]
[Termination "RobertoJBM won by resignation"]

1. e4 c5 2. Nf3 e6 3. g3 d5 4. exd5 exd5 5. Bg2 Nf6 6. d4 Nc6 7. O-O Be7 8. dxc5 O-O 9. Be3 Bg4 10. h3 Bh5 11. g4 Bg6 12. Nc3 Qa5 13. a3 Rad8 14. b4 Qc7 15. Nb5 Qb8 16. Nbd4 Ne4 17. Nxc6 bxc6 18.
Bd4 Rfe8 19. Ne5 Qc7 20. f4 f6 21. Nd3 Ng3 22. Re1 Bxd3 23. Qxd3 Qxf4 24. Bf2 Ne4 25. Bxe4 dxe4 26. Qxe4 Qc7 27. Qc4+ Kf8 28. Re2 Rd7 29.
Rae1 Red8 30. Qe4 Kg8 31. Qe6+ Kh8 32. Kg2 Bf8 33. Bg3 Qb7 34. Qf5 h6 35. Re8 Rd2+ 36. Kh1 Qf7 37. Qe6 Qg6 38. Rxd8 Rxd8 39. Qe4 Qg5 40.
Re2 Qc1+ 41. Kg2 Qxa3 42. Qe8 Rxe8 43. Rxe8 Kh7 44. Rxf8 Qe3 45. Rd8 Qe4+ 46. Kh2 Qxc2+ 47. Kg1 Qb1+ 48. Kg2 Qxb4 49. Bf2 Qe4+ 50. Kg3 a5 51.
Rd6 a4 52. Rd4 Qe5+ 53. Rf4 g5 0-1

[Event "*** SCC Grand Prix: Titled Tuesday Blitz"]
[Site "Chess.com"]
[Date "2020.06.09"]
[Round "9"]
[White "snap_man"]
[Black "Shushik"]
[Result "0-1"]
[WhiteElo "2275"]
[BlackElo "2181"]
[TimeControl "180+1"]
[EndTime "10:46:33 PDT"]
[Termination "Shushik won by resignation"]

1. e4 e5 2. Nf3 Nc6 3. Bb5 Nf6 4. d3 d6 5. O-O a6 6. Ba4 b5 7. Bb3 Na5 8. Nc3 Be7 9. Nd5 Nxd5 10. exd5 O-O 11. c4 Nxb3 12. axb3 Bd7 13. Bd2 f5 14.
Ba5 Bf6 15. Qc2 bxc4 16. bxc4 g5 17. b4 Kh8 18. Rac1 g4 19. Nd2 f4 20. Ne4 Rg8 21. Nxd6 Qe7 22. Ne4 Rac8 23. Bxc7 g3 24. hxg3 f3 25. Bd6 Qg7 26. Qb2 Rce8 27. Rce1 Qh6 28. Nxf6 fxg2 29. Kxg2 Qh3+ 30. Kf3 Qf5+ 31. Ke2 Qxf6 32.
Kd1 Qxd6 33. d4 e4 34. f3 exf3 35. Rxf3 Bg4 36. Qf2 Rxe1+ 37. Kxe1 Qxb4+ 38. Kf1 Bxf3 39. Kg1 Qb1+ 0-1

[Event "*** SCC Grand Prix: Titled Tuesday Blitz"]
[Site "Chess.com"]
[Date "2020.06.09"]
[Round "9"]
[White "joksijoksi"]
[Black "trriinu"]
[Result "1-0"]
[WhiteElo "2357"]
[BlackElo "2070"]
[TimeControl "180+1"]
[EndTime "10:46:34 PDT"]
[Termination "joksijoksi won by resignation"]

1. e4 d5 2. d4 dxe4 3. Nc3 Nf6 4. Nge2 Bg4 5. h3 Bh5 6. g4 Bg6 7. Bg2 h6 8. Be3 e6 9. Ng3 Bb4 10. O-O Bxc3 11. bxc3 Nc6 12. Rb1 Rb8 13. f4 exf3 14. Bxf3 O-O 15. Bxc6 bxc6 16. Rxb8 Qxb8 17. Bxh6 Nd5 18.
c4 Nb4 19. Bxg7 Kxg7 20. Nh5+ Bxh5 21. gxh5 f5 22. Qd2 Rg8 23. Kh1 c5 24. d5 Qd8 25.
Qe2 exd5 26. Qe5+ Kh6 27. Qe6+ Kh7 28. Qxf5+ Kh8 29. Qe5+ Rg7 30. h6 Qe7 31. hxg7+ Qxg7 32. Qh5+ Kg8 33. Rg1 Qxg1+ 34. Kxg1 dxc4 35. Qe8+ Kg7 36. Qe5+ Kg8 37. Qxc5 Nxa2 38. Qxc4+ 1-0

[Event "*** SCC Grand Prix: Titled Tuesday Blitz"]
[Site "Chess.com"]
[Date "2020.06.09"]
[Round "9"]
[White "IriBu"]
[Black "Zurability"]
[Result "0-1"]
[WhiteElo "2528"]
[BlackElo "2669"]
[TimeControl "180+1"]
[EndTime "10:46:35 PDT"]
[Termination "Zurability won by resignation"]

1. e4 c5 2. Nf3 d6 3. Bb5+ Nd7 4. c3 Nf6 5. Qe2 e6 6. O-O Be7 7. d4 O-O 8. e5 dxe5 9. dxe5 Nd5 10. c4 N5b6 11. Nc3 a6 12. Bxd7 Bxd7 13. Be3 Bc6 14. Rad1 Qc7 15. Bf4 Rfd8 16. Ng5 h6 17. Nge4 Rd4 18. b3 Rad8 19. Bg3 Nc8 20. f4 b5 21. Bf2 Rxd1 22. Rxd1 Rxd1+ 23. Qxd1 b4 24. Nd5 exd5 25. cxd5 Qd8 26. Nxc5 Qxd5 27. Qxd5 Bxd5 28. Nxa6 Be4 29. Nc7 f6 30. Bd4 fxe5 31. fxe5 Kf7 32.
Kf2 Bb1 33. Nd5 Bxa2 34. Nxe7 Nxe7 35. Bc5 Nc6 36. Ke3 Bxb3 37. Ke4 Ke6 38. Bf8 Bc2+ 39. Ke3 b3 40. Kd2 g6 41. Bxh6 Nxe5 42. Bg7 Be4 43. g3 b2 44. Bxe5 Kxe5 45. Ke3 b1=Q 0-1

[Event "*** SCC Grand Prix: Titled Tuesday Blitz"]
[Site "Chess.com"]
[Date "2020.06.09"]
[Round "9"]
[White "PawnEatingZombie"]
[Black "dianamirza"]
[Result "1-0"]
[WhiteElo "2114"]
[BlackElo "1986"]
[TimeControl "180+1"]
[EndTime "10:46:35 PDT"]
[Termination "PawnEatingZombie won by resignation"]

1. d4 Nf6 2. c4 g6 3. Nc3 Bg7 4. e4 O-O 5. Be2 d6 6. Be3 Nbd7 7. Nf3 e5 8. O-O exd4 9. Nxd4 a5 10. Qd2 Ne5 11.
f3 Rb8 12. Ndb5 Nc6 13. Rac1 Nd7 14. Nd5 Nb4 15. Nbxc7 Nxa2 16. Ra1 Nb4 17. Nxb4 axb4 18. Nd5 b3 19. Bd4 Nc5 20. Bxg7 Kxg7 21. Qd4+ f6 22. f4 Be6 23. f5 Bxd5 24. exd5 Qe7 25. Bg4 Qe5 26. Qxe5 dxe5 27. Rfd1 b5 28. Ra5 Na4 29. Rxb5 Rxb5 30. cxb5 Nxb2 31. Rb1 Nc4 32. Rxb3 Rd8 33. b6 Rb8 34. fxg6 Rxb6 35. Rxb6 Nxb6 36. gxh7 Kxh7 37. d6 Kg6 38. d7 Nxd7 39. Bxd7 f5 40. Kf2 Kg5 41.
Bxf5 Kxf5 42. Kf3 e4+ 43. Ke3 Ke5 44. g4 Kf6 45. Kxe4 Kg5 46. Kf3 Kh4 47. Kf4 1-0

[Event "*** SCC Grand Prix: Titled Tuesday Blitz"]
[Site "Chess.com"]
[Date "2020.06.09"]
[Round "9"]
[White "Vitor-Moraes"]
[Black "Boudicca64"]
[Result "1-0"]
[WhiteElo "1971"]
[BlackElo "1820"]
[TimeControl "180+1"]
[EndTime "10:46:35 PDT"]
[Termination "Vitor-Moraes won by checkmate"]

1. e4 c5 2. Nc3 Nc6 3. Bb5 g6 4. Bxc6 bxc6 5. f4 Bg7 6. Nf3 e6 7. d3 Ne7 8. e5 Nf5 9. Ne4 Qb6 10. g4 Nd4 11. Nd6+ Kf8 12. Ng5 f6 13. Ngf7 Rg8 14.
exf6 Bxf6 15. Nh6 Bh4+ 16. Kf1 Rg7 17. g5 Qc7 18. Ne4 Nf5 19. Nxf5 exf5 20. Nf6 h6 21. gxh6 Rf7 22. h7 Bxf6 23. Rg1 Rxh7 24. Rxg6 Kf7 25. Rg2 Ba6 26. Qf3 Rah8 27. Qg3 c4 28. Qg6+ Ke7 29. Bd2 cxd3 30. Re1+ Kd6 31. Qxf6+ Kc5 32.
Be3+ Kb5 33. a4+ Ka5 34. Qc3+ Kxa4 35. Ra1+ Kb5 36. Qb3# 1-0

[Event "*** SCC Grand Prix: Titled Tuesday Blitz"]
[Site "Chess.com"]
[Date "2020.06.09"]
[Round "9"]
[White "Fins0905"]
[Black "j_coca"]
[Result "1-0"]
[WhiteElo "2626"]
[BlackElo "2224"]
[TimeControl "180+1"]
[EndTime "10:46:36 PDT"]
[Termination "Fins0905 won by resignation"]

1. d4 g6 2. e4 Bg7 3. Nf3 d6 4. Bc4 Nc6 5. c3 a6 6. O-O Nh6 7. Bg5 f6 8. Be3 Nf7 9. Nbd2 O-O 10. a4 Kh8 11. b4 e5 12. b5 axb5 13. axb5 Rxa1 14.
Qxa1 exd4 15. cxd4 Ne7 16. Bxf7 Rxf7 17. d5 g5 18. Bd4 Ng6 19. g3 Ne5 20. Rc1 Bg4 21.
Nxe5 fxe5 22. Be3 h5 23. Qa7 Qd7 24. Qxb7 h4 25. Bxg5 hxg3 26. hxg3 Be2 27. b6 cxb6 28. Qxb6 Kh7 29. Qe3 Qg4 30. Kg2 Kg6 31. Rh1 Bb5 32. Bh6 Bf6 33. Nf3 Be7 34. Nh4+ Bxh4 35. Rxh4 Qf3+ 36. Qxf3 Bf1+ 37. Kxf1 Rxf3 38. Be3 Rf7 39.
Rh6+ Kg7 40. Rxd6 Rb7 41. Kg2 Rb4 42. Kf3 Kf7 43. Re6 1-0

[Event "*** SCC Grand Prix: Titled Tuesday Blitz"]
[Site "Chess.com"]
[Date "2020.06.09"]
[Round "9"]
[White "kuban1991"]
[Black "g3god"]
[Result "1/2-1/2"]
[WhiteElo "2789"]
[BlackElo "2878"]
[TimeControl "180+1"]
[EndTime "10:46:37 PDT"]
[Termination "Game drawn by stalemate"]

1. Nf3 d5 2. g3 Bg4 3. Ne5 Bh5 4. d4 Nd7 5. Bg2 e6 6. O-O Ngf6 7. c4 c6 8. Nc3 Be7 9. Qb3 Qb6 10. Nxd7 Nxd7 11. e4 dxc4 12. Qxc4 O-O 13. h3 Rfd8 14. Be3 Qxb2 15. Rab1 Qa3 16. Rxb7 Nb6 17. Qb3 Rdb8 18.
Qxa3 Bxa3 19. Rxb8+ Rxb8 20. g4 Bg6 21. Rb1 Bd6 22. f4 f6 23. Kf2 Nc4 24. Rxb8+ Bxb8 25. e5 Be8 26. Bf1 Nxe3 27. Kxe3 c5 28. Bc4 cxd4+ 29.
Kxd4 fxe5+ 30. fxe5 Kf7 31. Ne4 Ke7 32. Ng5 Bd7 33.
Nxh7 a5 34. Ng5 Ba7+ 35. Kd3 Bf2 36. Ne4 Bg1 37. h4 Bc6 38. Ng5 Bd7 39. h5 Bh2 40. Nf3 Bg3 41. g5 Be8 42. g6 Bc6 43. Nd4 Bd7 44.
Ke4 Bh2 45. h6 gxh6 46. g7 Kf7 47. Bxe6+ Bxe6 48. Nxe6 h5 49. Kf5 h4 50. Kg4 Bg3 51. Nf4 Bxf4 52. Kxf4 Kxg7 53. Kg4 Kf7 54. Kxh4 Ke6 55.
Kg4 Kxe5 56. Kf3 Kd4 57. Ke2 Kc3 58. Kd1 Kb2 59. a4 Kb3 60. Kc1 Kxa4 61. Kb1 Kb3 62. Ka1 a4 63. Kb1 a3 64. Ka1 a2 1/2-1/2

[Event "*** SCC Grand Prix: Titled Tuesday Blitz"]
[Site "Chess.com"]
[Date "2020.06.09"]
[Round "9"]
[White "Sychev_Klementy"]
[Black "AliKa2810"]
[Result "1-0"]
[WhiteElo "2843"]
[BlackElo "2585"]
[TimeControl "180+1"]
[EndTime "10:46:37 PDT"]
[Termination "Sychev_Klementy won on time"]

1. e4 e5 2. f4 d5 3. exd5 exf4 4. Nf3 Nf6 5. Bb5+ c6 6. dxc6 Nxc6 7. d4 Bd6 8. Qe2+ Be6 9. Ng5 O-O 10. Nxe6 fxe6 11.
Bxc6 bxc6 12. O-O Qc7 13. Qxe6+ Kh8 14. Qh3 Rae8 15. Nc3 Qb6 16. Qd3 c5 17. Na4 Qc6 18.
b3 cxd4 19. Bxf4 Ng4 20. Bxd6 Ne3 21. Rxf8+ Rxf8 22. Qd2 Qxd6 23. c3 Qf4 24. h3 dxc3 25. Nxc3 h6 26. Re1 Nxg2 27. Qxf4 Nxf4 28. Re3 Rd8 29.
Kf2 Rd2+ 30. Kg3 g5 31. h4 Rg2+ 32. Kf3 Rc2 33. hxg5 hxg5 34. Ne4 1-0

[Event "*** SCC Grand Prix: Titled Tuesday Blitz"]
[Site "Chess.com"]
[Date "2020.06.09"]
[Round "9"]
[White "kushagramohan"]
[Black "2L8IWUN"]
[Result "1/2-1/2"]
[WhiteElo "2716"]
[BlackElo "2563"]
[TimeControl "180+1"]
[EndTime "10:46:37 PDT"]
[Termination "Game drawn by repetition"]

1. e4 c5 2. Nf3 d6 3. d4 cxd4 4.
Nxd4 Nf6 5. Nc3 Nc6 6. Bg5 e6 7. Qd2 a6 8. O-O-O Bd7 9. f4 b5 10.
Bxf6 gxf6 11. Kb1 Qb6 12. Nxc6 Bxc6 13. f5 b4 14. Ne2 e5 15. Ng3 Qc5 16. Bd3 h5 17. h4 Bh6 18. Qe2 a5 19. Nxh5 Ke7 20. g4 Rhg8 21. Nxf6 Kxf6 22. g5+ Ke7 23. f6+ Kd7 24. Qh5 Rg6 25. gxh6 a4 26. Qf5+ Kc7 27. h5 Rxh6 28. Qg5 Rh7 29. h6 a3 30. b3 Qc3 31.
Qc1 Rah8 32. Bc4 Rxh6 33. Rxh6 Rxh6 34. Rd3 Qb2+ 35. Qxb2 axb2 36. Kxb2 Rxf6 37. Re3 Rf4 38. Bd3 Kb6 39. a3 bxa3+ 40. Kxa3 Kc5 41. c3 f5 42. exf5 e4 43. Bb1 d5 44. b4+ Kb6 45. Kb3 Rxf5 46. Bc2 Rf2 47. Bd1 Rd2 48. Be2 Bd7 49.
c4 Be6 50. Kc3 Ra2 51. c5+ Kc6 52. Kd4 Rd2+ 53. Kc3 Ra2 54. Kd4 Rd2+ 55. Kc3 Ra2 1/2-1/2

[Event "*** SCC Grand Prix: Titled Tuesday Blitz"]
[Site "Chess.com"]
[Date "2020.06.09"]
[Round "9"]
[White "albi1999"]
[Black "Gareth-Bale11"]
[Result "1-0"]
[WhiteElo "2584"]
[BlackElo "2757"]
[TimeControl "180+1"]
[EndTime "10:46:37 PDT"]
[Termination "albi1999 won on time"]

1. d4 Nf6 2. c4 e6 3. Nf3 d5 4. g3 Bb4+ 5. Bd2 Bd6 6. Nc3 c6 7. Qc2 Nbd7 8. e4 e5 9. cxd5 cxd5 10.
exd5 exd4 11. Nxd4 O-O 12. O-O-O Nb6 13. Bg2 h6 14. h3 Nc4 15. Kb1 Bd7 16. Bc1 a6 17. Nf5 Bxf5 18. Qxf5 Rc8 19. Ka1 Be5 20. Qd3 Qb6 21.
f4 Bd6 22. Rhe1 Rfd8 23. Re2 Qa5 24. g4 g6 25. Rc2 Bf8 26. g5 hxg5 27. fxg5 Ne8 28.
Ne4 Ne5 29. Qe2 Bg7 30. Rxc8 Rxc8 31. d6 Rd8 32. Bf4 Qb4 33. h4 Nc4 34. Bc1 Nexd6 35. Nf6+ Kh8 36. h5 Qa5 37. hxg6 Bxf6 38. gxf6 fxg6 39.
Bd5 Nf5 40. Rh1+ 1-0

[Event "*** SCC Grand Prix: Titled Tuesday Blitz"]
[Site "Chess.com"]
[Date "2020.06.09"]
[Round "9"]
[White "kleopl"]
[Black "TigranMukhutdinov"]
[Result "0-1"]
[WhiteElo "2352"]
[BlackElo "2480"]
[TimeControl "180+1"]
[EndTime "10:46:37 PDT"]
[Termination "TigranMukhutdinov won by resignation"]

1. c4 e5 2. Nc3 Bb4 3. Nd5 Na6 4.
a3 Ba5 5. b4 c6 6. Nc3 Bc7 7. e4 Nf6 8. Nf3 O-O 9. d3 d5 10.
Be2 d4 11. Na4 b6 12. O-O c5 13. bxc5 bxc5 14. Ne1 Bd7 15. f4 exf4 16. Bxf4 Bxf4 17.
Rxf4 Rb8 18. Qc2 Qa5 19. Nb2 Rb7 20. Rf1 Nb8 21. Nf3 Nc6 22. Nd1 Ng4 23. h3 Nge5 24. Nf2 Rfb8 25. Rfb1 Rxb1+ 26. Rxb1 Rb6 27. Rxb6 axb6 28.
Qb3 Nxf3+ 29. Bxf3 Qe1+ 30. Kh2 Qxf2 31. Qxb6 Qh4 32.
e5 Qd8 33. Qxc5 Qa5 34. Qb5 Qxb5 35. cxb5 Nxe5 36. b6 Nxf3+ 37. gxf3 Bc8 38. Kg3 f6 39. Kf4 Bb7 40. a4 Kf7 41. a5 Ke6 42. h4 Kd5 43.
Kf5 Kc5 44. f4 Bc8+ 45. Ke4 Kb5 46. Kxd4 Kxa5 47. Kc5 Ka6 48. d4 Kb7 49. d5 Bg4 50. d6 h5 51. Kb5 Bh3 52. Kc5 Bd7 53. Kc4 Kxb6 54. Kd5 Kb5 0-1

[Event "*** SCC Grand Prix: Titled Tuesday Blitz"]
[Site "Chess.com"]
[Date "2020.06.09"]
[Round "9"]
[White "sonicdravise"]
[Black "Angel_Hranitel_37"]
[Result "0-1"]
[WhiteElo "2538"]
[BlackElo "2405"]
[TimeControl "180+1"]
[EndTime "10:46:39 PDT"]
[Termination "Angel_Hranitel_37 won by resignation"]

1. Nf3 Nf6 2. b3 g6 3. Bb2 Bg7 4. d4 O-O 5. g3 d6 6. Bg2 Nbd7 7. O-O c6 8. c4 Qc7 9. Nc3 Re8 10. Qc2 e5 11.
dxe5 dxe5 12. Rad1 Nc5 13. Ng5 Bf5 14. Nge4 Nfxe4 15. Nxe4 Rad8 16. Ba3 Nxe4 17. Bxe4 Bxe4 18. Qxe4 f5 19. Qb1 e4 20. Bb2 Be5 21. Qa1 Rxd1 22.
Rxd1 e3 23. f4 Bxf4 24. gxf4 Qxf4 25. Rf1 Qg4+ 26. Kh1 Qxe2 27. Bh8 Re7 28. Bf6 Rd7 29. Qe1 Qd3 30. Rf3 f4 31. Rxf4 e2 32. Bh4 Qe3 33.
Rf2 Rd1 34. Rxe2 Qxe2 35. Qxd1 Qxd1+ 36. Kg2 Qc2+ 37. Bf2 Qxa2 38. Kg3 Qxb3+ 39. Kg2 Qxc4 0-1

[Event "*** SCC Grand Prix: Titled Tuesday Blitz"]
[Site "Chess.com"]
[Date "2020.06.09"]
[Round "9"]
[White "rakshi2005"]
[Black "TST2014"]
[Result "0-1"]
[WhiteElo "2326"]
[BlackElo "2517"]
[TimeControl "180+1"]
[EndTime "10:46:39 PDT"]
[Termination "TST2014 won by resignation"]

1. e4 c5 2. Nf3 Nc6 3. Nc3 d6 4.
Bb5 Bd7 5. O-O e5 6. Bxc6 Bxc6 7. d3 Be7 8. Nd2 b5 9. f4 exf4 10. Rxf4 Nf6 11. Rf1 O-O 12. Nf3 b4 13. Ne2 d5 14. e5 Ne8 15. Ng3 g6 16. Bh6 Ng7 17. Qd2 f5 18. exf6 Bxf6 19. Kh1 d4 20. Rae1 Qd7 21. Ne4 Be7 22. Ne5 Qe6 23. Rxf8+ Rxf8 24. Nxc6 Qxc6 25. Qe2 Bh4 26. g3 Bd8 27. Rf1 Rxf1+ 28. Qxf1 Nf5 29. Bf4 c4 30. Be5 b3 31. axb3 cxb3 32.
cxb3 Qd5 33. Qf4 Qxb3 34. Qf1 Qxb2 35. Nf6+ Bxf6 36. Bxf6 Ne3 37. Qf3 Qc1+ 0-1

[Event "*** SCC Grand Prix: Titled Tuesday Blitz"]
[Site "Chess.com"]
[Date "2020.06.09"]
[Round "9"]
[White "XDPS"]
[Black "NateSolon"]
[Result "0-1"]
[WhiteElo "2668"]
[BlackElo "2552"]
[TimeControl "180+1"]
[EndTime "10:46:40 PDT"]
[Termination "NateSolon won on time"]

1. d4 Nf6 2. Bf4 d5 3. e3 e6 4. Nf3 Bd6 5. Bg3 O-O 6. Nbd2 c5 7. c3 Qc7 8. dxc5 Qxc5 9. Rc1 Nbd7 10. c4 Bxg3 11.
hxg3 h6 12. a3 b6 13. cxd5 Qxd5 14. Bc4 Qd6 15. O-O Bb7 16. Qe2 a6 17. Rfd1 Qe7 18. e4 Nc5 19. e5 Nd5 20. b4 Na4 21. Ne4 b5 22. Bb3 Nab6 23. Nc5 Rad8 24. Nd4 Rc8 25.
Bc2 Nc4 26. Qxc4 bxc4 27. Be4 Rxc5 28. bxc5 Qxc5 29. Bd3 c3 30. a4 Rc8 31. Bc2 Nb4 32.
Bb1 Qxe5 33. Nc2 Nxc2 34. Bxc2 g6 35. Re1 Qd5 36. Be4 Qxe4 37. Rxe4 Bxe4 38. f3 Bd5 39. Kf2 c2 40. a5 Bb3 41. Ke3 Rd8 0-1

[Event "*** SCC Grand Prix: Titled Tuesday Blitz"]
[Site "Chess.com"]
[Date "2020.06.09"]
[Round "9"]
[White "Skatchkov_V"]
[Black "ChessyInstinct"]
[Result "1-0"]
[WhiteElo "2539"]
[BlackElo "2383"]
[TimeControl "180+1"]
[EndTime "10:46:41 PDT"]
[Termination "Skatchkov_V won on time"]

1. Nf3 d5 2. g3 c6 3. d4 Nf6 4. Bg2 Bf5 5. O-O Nbd7 6. c4 e6 7. Nc3 h6 8. b3 Ne4 9. Bb2 Bd6 10.
Rc1 O-O 11. Re1 Qa5 12. Nd2 Nxd2 13. Qxd2 Nf6 14. a3 Rfc8 15. b4 Qd8 16. e4 dxe4 17. Nxe4 Nxe4 18. Bxe4 Bxe4 19. Rxe4 Be7 20. Rd1 a5 21. d5 cxd5 22. cxd5 exd5 23. Rd4 axb4 24. axb4 Qb6 25. Rxd5 Qxb4 26. Qe2 Ra2 27. Rb5 Qa4 28.
Rxb7 Bf6 29. Rd2 Re8 30. Qf3 Qa5 31. Rc2 Qa6 32. Kg2 Re1 33. Rb8+ Kh7 34. Qf5+ g6 35. Rh8+ 1-0

[Event "*** SCC Grand Prix: Titled Tuesday Blitz"]
[Site "Chess.com"]
[Date "2020.06.09"]
[Round "9"]
[White "AGW2016"]
[Black "Makswolf200817"]
[Result "1-0"]
[WhiteElo "2269"]
[BlackElo "2406"]
[TimeControl "180+1"]
[EndTime "10:46:41 PDT"]
[Termination "AGW2016 won by resignation"]

1. e4 e6 2. d4 d5 3. exd5 exd5 4. Nf3 Bd6 5. c4 dxc4 6. Bxc4 Nf6 7. O-O O-O 8. h3 Nc6 9. Nc3 h6 10. Re1 a6 11. a4 Bf5 12. Be3 Nb4 13. Rc1 c6 14. Ne5 Nbd5 15. Qf3 Bh7 16. Nxd5 Bxe5 17. dxe5 Nxd5 18.
Rcd1 Qa5 19. Bxd5 cxd5 20. Qxd5 Qxa4 21. Qxb7 Rab8 22. Qc7 Rxb2 23. Bc5 Re8 24. Rd7 Bg6 25. e6 Kh8 26. e7 Kh7 27. Rd8 f6 28. Rxe8 Bxe8 29.
Qd8 Rc2 30. Be3 a5 31. Rb1 Bf7 32. Qf8 Kg6 33. h4 h5 34. Qd8 Rc4 35. Qd3+ f5 36.
g3 Re4 37. Rb6+ Kh7 38. Qd6 Re6 39. Qxe6 Bxe6 40. Rxe6 Qe8 41. Re5 a4 42. Bc5 Kg6 43.
Rd5 Kf7 44. Rd8 Qb5 45. e8=Q+ Qxe8 46. Rxe8 Kxe8 47. Ba3 Kd7 48. Kg2 Kc6 49. Kf3 Kb5 50. Kf4 Kc4 51. Kxf5 Kb3 52. Bf8 Kc2 53. Bxg7 Kd2 54.
f4 Ke2 55. g4 a3 56. gxh5 a2 57. h6 Kd3 58. h7 Kc4 59. h8=Q a1=Q 60. Bxa1 1-0

[Event "*** SCC Grand Prix: Titled Tuesday Blitz"]
[Site "Chess.com"]
[Date "2020.06.09"]
[Round "9"]
[White "DrKozerov"]
[Black "Oligan22"]
[Result "0-1"]
[WhiteElo "2573"]
[BlackElo "2419"]
[TimeControl "180+1"]
[EndTime "10:46:42 PDT"]
[Termination "Oligan22 won by resignation"]

1. d4 d5 2. c4 dxc4 3. e4 Nc6 4. Nf3 Nf6 5. Bxc4 Bg4 6. d5 Ne5 7. Nxe5 Bxd1 8. Bb5+ c6 9. dxc6 Qa5+ 10. Nc3 O-O-O 11. cxb7+ Kxb7 12. Nc6 Qc7 13. Nxd8+ Qxd8 14. Nxd1 e5 15. O-O Bc5 16. Nc3 Qb6 17. a4 Ng4 18. h3 Nxf2 19. Nd5 Nxe4+ 20. Kh2 Qg6 21. Rf3 Rd8 22. Bc4 f5 23. b4 Bd6 24. Be3 Ng5 25. Rff1 e4+ 26. Nf4 Ne6 27. Bd5+ Kb8 28. Bxe6 Qxe6 29. Kh1 Qe5 30. b5 g5 31. a5 gxf4 32.
Bxf4 Qxf4 33. Rxf4 Bxf4 34. Rf1 Bg3 35. Kg1 f4 36. Rc1 e3 37. Kf1 Rc8 38. Rd1 Rc5 39.
Ke2 Rxb5 40. Kf3 Rxa5 41. Rd7 Ra2 42. h4 Rf2+ 43. Kg4 Rxg2 44. Re7 e2 45. Kh3 Rh2+ 46.
Kg4 e1=Q 0-1

[Event "*** SCC Grand Prix: Titled Tuesday Blitz"]
[Site "Chess.com"]
[Date "2020.06.09"]
[Round "9"]
[White "AungTZ"]
[Black "Playgood28"]
[Result "1/2-1/2"]
[WhiteElo "2120"]
[BlackElo "2255"]
[TimeControl "180+1"]
[EndTime "10:46:42 PDT"]
[Termination "Game drawn by agreement"]

1. e4 e5 2. Nf3 d6 3. d4 exd4 4. Nxd4 Nf6 5. Nc3 Be7 6. Be2 O-O 7. O-O c5 8. Nb3 Nc6 9. Be3 a6 10. a4 Nb4 11. f3 Be6 12. Qd2 Qc7 13. Rad1 Rad8 14.
Qc1 d5 15. exd5 Nfxd5 16. Nxd5 Nxd5 17. Bf2 Nf4 18. Rfe1 Nxe2+ 19. Rxe2 Rxd1+ 20. Qxd1 Rd8 21. Rd2 Rxd2 22. Qxd2 b5 23. axb5 axb5 24. Nc1 h6 25. Nd3 Bf5 26. Ne1 Qd6 27. Qxd6 Bxd6 28. c3 b4 29. g4 Bg6 30. cxb4 cxb4 31. Bd4 f6 32. h3 Kf7 33. Kf2 Ke6 34. Ke3 Kd5 35. Nd3 Kc4 36. Nc1 Bh2 37. b3+ Kd5 38. Bb2 Bg1+ 39. Ke2 Bc2 40. Kd2 Bh7 41. Nd3 Bxd3 42. Kxd3 Bc5 43.
f4 Be7 44. f5 Bd6 45. Bd4 Be7 1/2-1/2

[Event "*** SCC Grand Prix: Titled Tuesday Blitz"]
[Site "Chess.com"]
[Date "2020.06.09"]
[Round "9"]
[White "Fh2411"]
[Black "ARMQUEEN"]
[Result "1-0"]
[WhiteElo "2452"]
[BlackElo "2321"]
[TimeControl "180+1"]
[EndTime "10:46:43 PDT"]
[Termination "Fh2411 won by resignation"]

1. Nf3 Nf6 2. c4 c5 3. g3 g6 4. Bg2 Bg7 5. O-O O-O 6. Nc3 Nc6 7. d4 cxd4 8. Nxd4 Qa5 9. e3 Qb4 10. Qb3 Qxb3 11. axb3 Ne8 12. Nce2 Nc7 13. Bd2 e5 14. Nc2 Rd8 15. Nc3 d6 16. b4 Ne7 17. e4 Be6 18. b3 b5 19. Ne3 Rdb8 20. Ncd5 Bxd5 21. cxd5 f5 22. Rfc1 Rb7 23. f3 f4 24. Nd1 g5 25.
Bh3 h6 26. Nf2 fxg3 27. hxg3 Rf8 28. Kg2 Kh7 29. Be3 a6 30. Rc2 Ncxd5 31. exd5 Nxd5 32. Re1 Nxb4 33. Rc8 Rff7 34. Rec1 Nd5 35. Bd2 b4 36. Ne4 Rbe7 37. Nxd6 Rf6 38. Nf5 Rb7 39. Nxg7 Kxg7 40.
R1c4 a5 41. R8c6 Rbf7 42. Rxf6 Kxf6 43. Bc8 Nb6 44. Rc6+ Kg7 45. Rxb6 Rc7 46. Bf5 Rc2 47. Bxc2 1-0